AoeStats
← arec

Arabian Desert

510492939Analyzed
1v1 RM · 12h ago on Oct 1, 2026· 29m 48s· 2 players
Game mode
Random Map
Map size
Tiny (2 player)
Population
200
Speed
Normal
Resources
Standard
Victory
Conquest
Starting age
Dark Age
Ending age
Imperial Age
RankedLock teamsTeams togetherTeam positionsShared explorationLock speedFull tech treeHidden civsTurbo modeCheats
Victory
Defeat
🇬🇧 Saracens · United Kingdom
1288
+17
🇲🇽 Goths · Mexico
1304
-17
arec
7:48 Loom
10:14 Feudal Age
14:34 Castle Age
17:05 Fletching
Ricky
7:17 Loom
9:32 Feudal Age
10:16 Double-Bit Axe
9:57 Man-at-Arms
18:42 Fletching
22:17 Castle Age
20:36 Gold Mining
21:42 Padded Archer Armor
22:38 Scale Mail Armor
22:48 Forging
23:18 Bodkin Arrow
23:17 Crossbowman
24:50 Long Swordsman
Connection lost

Rejoining the realm…

Still unreachable

The connection could not be restored.

Session expired

The server has moved on; the page needs a fresh start.